AoeStats
← fyerlang

Fortress

509558896Analyzed
4v4 RM · 5d ago on Sep 27, 2026· 49m 16s· 8 players
Game mode
Random Map
Map size
Huge
Population
200
Speed
Normal
Resources
Standard
Victory
Conquest
Starting age
Dark Age
Ending age
Imperial Age
RankedLock teamsTeams togetherTeam positionsShared explorationLock speedFull tech treeHidden civsTurbo modeCheats
Victory
Defeat
🇨🇳 Cumans · China
1183
+12
🇹🇷 Goths · Türkiye
1120
+14
🇨🇳 Huns · China
1063
+17
🇹🇷 Burgundians · Türkiye
1022
+18
🇳🇱 Slavs · Netherlands
1122
-17
🇨🇱 Khitans · Chile
1100
-16
🇨🇳 Burgundians · China
1060
-14
🇦🇷 Ethiopians · Argentina
1052
-14
fyerlang
7:58 Feudal Age
6:51 Double-Bit Axe
6:49 Horse Collar
12:16 Castle Age
11:14 Bow Saw
11:44 Heavy Plow
15:02 Two-Man Saw
17:47 Crop Rotation
18:55 Wheelbarrow
20:19 Hand Cart
21:22 Gold Mining
22:53 Loom
27:46 Imperial Age
25:47 Squires
25:34 Arson
25:28 Cavalier
26:09 Husbandry
26:24 Scale Barding Armor
26:30 Forging
29:16 Conscription
30:13 Chain Barding Armor
30:29 Iron Casting
30:48 Town Watch
30:26 Paladin
33:47 Gold Shaft Mining
33:22 Burgundian Vineyards
35:09 Chemistry
34:30 Ballistics
36:23 Hoardings
36:03 Caravan
37:09 Fletching
38:20 Blast Furnace
37:21 Scale Mail Armor
37:20 Murder Holes
37:36 Masonry
40:25 Bodkin Arrow
40:46 Chain Mail Armor
40:45 Fortified Wall
41:06 Architecture
41:21 Bracer
46:06 Plate Mail Armor
45:38 Padded Archer Armor
46:13 Plate Barding Armor
Giraffetietje
7:48 Feudal Age
8:30 Double-Bit Axe
8:25 Horse Collar
13:15 Castle Age
13:52 Wheelbarrow
13:02 Loom
14:59 Bow Saw
16:40 Heavy Plow
19:58 Man-at-Arms
20:39 Squires
20:45 Stone Mining
20:52 Gold Mining
Don Wea
6:52 Feudal Age
6:08 Loom
11:32 Castle Age
9:47 Double-Bit Axe
16:27 Bow Saw
17:46 Domestication
19:26 Pastoralism
21:50 Gold Mining
23:02 Wheelbarrow
22:41 Forging
22:36 Scale Barding Armor
25:57 Imperial Age
24:49 Hand Cart
24:51 Husbandry
25:18 Chain Barding Armor
25:33 Iron Casting
26:57 Elite Steppe Lancer
28:16 Plate Barding Armor
27:56 Ordo Cavalry
28:12 Conscription
28:38 Conscription
28:54 Transhumance
29:25 Two-Man Saw
Salmonella
8:23 Feudal Age
13:13 Castle Age
13:42 Double-Bit Axe
13:38 Horse Collar
13:50 Gold Mining
15:08 Loom
18:34 Heavy Plow
18:45 Bow Saw
18:37 Fletching
19:59 Bodkin Arrow
22:03 Wheelbarrow
27:23 Imperial Age
24:47 Crossbowman
25:32 Thumb Ring
26:55 Padded Archer Armor
27:27 Arbalester
27:32 Capped Ram
28:25 Bracer
28:41 Leather Archer Armor
30:03 Conscription
30:32 Gold Shaft Mining
29:49 Stone Mining
31:26 Ring Archer Armor
31:58 Two-Man Saw
33:36 Siege Ram
38:28 Forging
38:20 Scale Mail Armor
40:07 Iron Casting
40:13 Iron Casting
46:56 Hand Cart
46:28 Town Watch
清纯帝
6:45 Feudal Age
9:18 Double-Bit Axe
14:36 Wheelbarrow
18:09 Castle Age
18:13 Bloodlines
18:13 Capped Ram
19:33 Scale Barding Armor
21:20 Forging
22:34 Chain Barding Armor
29:14 Iron Casting
29:53 Pikeman
39:23 Squires
39:08 Arson
43:03 Imperial Age
40:33 Horse Collar
41:05 Bow Saw
40:44 Loom
42:06 Hand Cart
42:34 Heavy Plow
42:22 Town Watch
44:49 Two-Man Saw
44:35 Town Patrol
45:08 Crop Rotation
45:12 Scale Mail Armor
45:20 Gold Mining
45:21 Stone Mining
46:38 Chain Mail Armor
47:31 Caravan
48:12 Plate Barding Armor
48:23 Conscription
48:04 Steppe Husbandry
47:27 Light Cavalry
48:52 Plate Mail Armor
49:53 Blast Furnace
49:15 Hussar
SWALLALLA
2:10 Loom
9:01 Feudal Age
10:06 Double-Bit Axe
12:52 Castle Age
11:36 Horse Collar
15:26 Bow Saw
18:28 Wheelbarrow
21:41 Heavy Plow
22:46 Hand Cart
22:43 Stone Mining
22:50 Town Watch
24:54 Squires
28:20 Imperial Age
27:20 Anarchy
27:25 Scale Mail Armor
27:35 Forging
28:48 Chain Mail Armor
28:27 Elite Huskarl
29:29 Conscription
31:14 Iron Casting
30:46 Perfusion
31:14 Gold Mining
32:27 Two-Man Saw
32:04 Crop Rotation
32:52 Pikeman
33:53 Halberdier
35:41 Blast Furnace
46:07 Ballistics
45:57 Masonry
46:48 Chemistry
Faysal
2:18 Loom
2:45 Horse Collar
2:52 Double-Bit Axe
10:00 Feudal Age
10:07 Gold Mining
11:47 Heavy Plow
15:11 Castle Age
14:40 Bow Saw
16:46 Husbandry
16:19 Cavalier
17:09 Scale Barding Armor
17:15 Forging
19:01 Wheelbarrow
21:27 Two-Man Saw
23:06 Crop Rotation
22:53 Town Watch
23:52 Hand Cart
24:20 Chain Barding Armor
23:59 Stone Mining
25:51 Burgundian Vineyards
32:04 Stone Shaft Mining
32:05 Gold Shaft Mining
31:08 Light Cavalry
32:37 Iron Casting
32:24 Town Patrol
35:42 Imperial Age
36:25 Caravan
35:58 Paladin
38:59 Chemistry
38:19 Ballistics
37:55 Murder Holes
39:03 Chemistry
38:23 Ballistics
39:15 Masonry
38:46 Treadmill Crane
39:16 Hussar
45:52 Plate Barding Armor
46:18 Blast Furnace
hold up
0:48 Loom
9:53 Feudal Age
14:33 Castle Age
13:23 Horse Collar
13:31 Double-Bit Axe
13:40 Gold Mining
13:45 Stone Mining
15:45 Wheelbarrow
16:43 Heavy Plow
16:56 Bow Saw
19:34 Hand Cart
19:05 Town Watch
23:26 Caravan
24:32 Fletching
24:43 Padded Archer Armor
25:47 Hand Cart
25:21 Town Watch
27:53 Bodkin Arrow
28:24 Thumb Ring
29:24 Leather Archer Armor
33:43 Imperial Age
32:03 Ballistics
31:56 Masonry
31:42 Murder Holes
33:34 Scale Barding Armor
33:40 Forging
34:13 Gold Shaft Mining
33:55 Bloodlines
33:47 Husbandry
34:53 Parthian Tactics
34:57 Conscription
34:42 Bracer
35:46 Chemistry
34:17 Heavy Cavalry Archer
36:07 Light Cavalry
37:35 Marauders
37:42 Elite Tarkan
40:05 Iron Casting
41:16 Elite Skirmisher
Connection lost

Rejoining the realm…

Still unreachable

The connection could not be restored.

Session expired

The server has moved on; the page needs a fresh start.